MID
SOUTH BEND CUBS @ GREENSBORO GRASSHOPPERS
08/04/2044
 
TOP OF THE 1ST
South Bend Cubs batting - Pitching for Greensboro Grasshoppers : RHP Earl Shepherd
Pitching: RHP Earl Shepherd
Batting: RHB Jason Ostrom 0-0: Called Strike
0-1: Fly out, F9 (Flyball, 9D, EV 78.8 MPH)
Batting: LHB Andy Bordeaux 0-0: Ball
1-0: Called Strike
1-1: Ball
2-1: Ball
3-1: Ground out U3 (Groundball, 3, EV 100.0 MPH)
Batting: LHB Mike DiNardo 0-0: Ball
1-0: Ball
2-0: Ball
3-0: Called Strike
3-1: Foul Ball, location: 2F
3-2: Base on Balls
Batting: SHB Benoît Morin 0-0: Called Strike
0-1: Foul Ball, location: 2F
0-2: Ball
1-2: Fly out, F7 (Flyball, 78M, EV 89.4 MPH)
Top of the 1st over - 0 runs, 0 hits, 0 errors, 1 left on base; South Bend 0 - Greensboro 0
BOTTOM OF THE 1ST
Greensboro Grasshoppers batting - Pitching for South Bend Cubs : RHP Daniel Sullivan
Pitching: RHP Daniel Sullivan
Batting: RHB Tom Thompson 0-0: Ball
1-0: Swinging Strike
1-1: Swinging Strike
1-2: Ball
2-2: Fly out, F8 (Flyball, 89M, EV 91.9 MPH)
Batting: RHB Torquato Obawole 0-0: Ball
1-0: Called Strike
1-1: Fly out, F8 (Flyball, 78M, EV 87.5 MPH)
Batting: RHB Isaiah Brockman 0-0: Ball
1-0: Ball
2-0: Ball
3-0: Base on Balls
Batting: RHB Jordan Arcidez 0-0: Ball
1-0: Foul Ball, location: 2F
1-1: Ground out 4-3 (Groundball, 34, EV 86.9 MPH)
Bottom of the 1st over - 0 runs, 0 hits, 0 errors, 1 left on base; South Bend 0 - Greensboro 0
TOP OF THE 2ND
South Bend Cubs batting - Pitching for Greensboro Grasshoppers : RHP Earl Shepherd
Batting: LHB Bill Tardiff 0-0: Called Strike
0-1: Ball
1-1: Ground out 6-3 (Groundball, 6, EV 80.0 MPH)
Batting: LHB Jim Polson 0-0: Called Strike
0-1: Called Strike
0-2: Ball
1-2: Strikes out looking
Batting: RHB John Madden 0-0: Ball
1-0: Called Strike
1-1: Fly out, F8 (Flyball, 89D, EV 93.8 MPH)
Top of the 2nd over - 0 runs, 0 hits, 0 errors, 0 left on base; South Bend 0 - Greensboro 0
BOTTOM OF THE 2ND
Greensboro Grasshoppers batting - Pitching for South Bend Cubs : RHP Daniel Sullivan
Batting: RHB Jake Shelton 0-0: Swinging Strike
0-1: Ball
1-1: Foul Ball, location: 2F
1-2: Foul Ball, location: 2F
1-2: Ball
2-2: Strikes out swinging
Batting: RHB Bob Raine 0-0: Ball
1-0: Foul Ball, location: 2F
1-1: Ball
2-1: Ground out 5-3 (Groundball, 5L, EV 85.6 MPH)
Batting: RHB Masumitsu Sugiura 0-0: Ground out U3 (Groundball, 34, EV 103.8 MPH)
Bottom of the 2nd over - 0 runs, 0 hits, 0 errors, 0 left on base; South Bend 0 - Greensboro 0
TOP OF THE 3RD
South Bend Cubs batting - Pitching for Greensboro Grasshoppers : RHP Earl Shepherd
Batting: RHB Omar Novoa 0-0: Ball
1-0: Foul Ball, location: 2F
1-1: Ball
2-1: Ball
3-1: Base on Balls
Batting: SHB Alvaro Andrade 0-0: Foul Ball, location: 2F
0-1: SINGLE (Groundball, 56D, EV 103.1 MPH)
Omar Novoa to second
Batting: RHB Jason Ostrom 0-0: Called Strike
0-1: Called Strike
0-2: Ground out 5-3 (Groundball, 56S, EV 67.5 MPH)
Omar Novoa to third
Alvaro Andrade to second
Batting: LHB Andy Bordeaux 0-0: Swinging Strike
0-1: Ball
1-1: Ball
2-1: Ball
3-1: Foul Ball, location: 2F
3-2: Base on Balls
Batting: LHB Mike DiNardo 0-0: Fly out, F8 (Flyball, 8RXD, EV 101.9 MPH)
Runner from 3rd tags up, SCORES, no throw by CF
Batting: SHB Benoît Morin 0-0: Called Strike
0-1: TRIPLE (Line Drive, 78XD, EV 99.4 MPH)
Alvaro Andrade scores
Andy Bordeaux scores
Batting: LHB Bill Tardiff 0-0: Foul Ball, location: 2F
0-1: Ball
1-1: TRIPLE (Line Drive, 89XD, EV 107.5 MPH)
Benoît Morin scores
Batting: LHB Jim Polson 0-0: Foul Ball, location: 2F
0-1: SINGLE (Groundball, 4M, EV 96.9 MPH)
Bill Tardiff scores
Batting: RHB John Madden 0-0: Ball
Jim Polson steals 2nd base
1-0: Foul Ball, location: 2F
1-1: Fly out, F7 (Flyball, 7D, EV 105.0 MPH)
Top of the 3rd over - 5 runs, 4 hits, 0 errors, 1 left on base; South Bend 5 - Greensboro 0
BOTTOM OF THE 3RD
Greensboro Grasshoppers batting - Pitching for South Bend Cubs : RHP Daniel Sullivan
Pitching: LHP Andres Lobato
Batting: RHB Wei-guo Tsu 0-0: Called Strike
0-1: Foul Ball, location: 2F
0-2: Foul Ball, location: 2F
0-2: Foul Ball, location: 2F
0-2: Fly out, F8 (Flyball, 8RS, EV 91.9 MPH)
Batting: LHB Juan Zuniga 0-0: SINGLE (Groundball, 4MD, EV 96.9 MPH)
Batting: RHB Tom Thompson 0-0: Ball
1-0: Ball
2-0: Swinging Strike
2-1: Foul Ball, location: 2F
2-2: Foul Ball, location: 2F
2-2: Ball
3-2: Base on Balls
Juan Zuniga to second
Batting: RHB Torquato Obawole 0-0: Ball
1-0: Called Strike
1-1: Ball
2-1: Ball
3-1: Hit by Pitch
Juan Zuniga to third
Tom Thompson to second
Pitching: RHP Eric Allen
Batting: RHB Isaiah Brockman 0-0: Foul Ball, location: 2F
0-1: Ball
1-1: Ball
2-1: Grounds into double play, 4-6-3 (Groundball, 4, EV 84.4 MPH)
Bottom of the 3rd over - 0 runs, 1 hit, 0 errors, 2 left on base; South Bend 5 - Greensboro 0
TOP OF THE 4TH
South Bend Cubs batting - Pitching for Greensboro Grasshoppers : RHP Earl Shepherd
Batting: RHB Omar Novoa 0-0: Foul Ball, location: 2F
0-1: Called Strike
0-2: Strikes out swinging
Batting: SHB Alvaro Andrade 0-0: Ball
1-0: Ground out 1-3 (Groundball, 34S, EV 70.0 MPH)
Batting: RHB Jason Ostrom 0-0: Ground out 5-3 (Groundball, 5S, EV 66.3 MPH)
Top of the 4th over - 0 runs, 0 hits, 0 errors, 0 left on base; South Bend 5 - Greensboro 0
BOTTOM OF THE 4TH
Greensboro Grasshoppers batting - Pitching for South Bend Cubs : RHP Eric Allen
Batting: RHB Jordan Arcidez 0-0: Called Strike
0-1: Ground out 6-3 (Groundball, 6, EV 101.9 MPH)
Batting: RHB Jake Shelton 0-0: Called Strike
0-1: Called Strike
0-2: Ball
1-2: SINGLE (Line Drive, 34D, EV 100.0 MPH)
Batting: RHB Bob Raine 0-0: Called Strike
Jake Shelton steals 2nd base
0-1: Fly out, F9 (Flyball, 9LD, EV 98.8 MPH)
Runner from 2nd tags up, SAFE at 3rd, no throw by RF
Batting: RHB Masumitsu Sugiura 0-0: Called Strike
0-1: Foul Ball, location: 2F
0-2: Strikes out swinging
Bottom of the 4th over - 0 runs, 1 hit, 0 errors, 1 left on base; South Bend 5 - Greensboro 0
TOP OF THE 5TH
South Bend Cubs batting - Pitching for Greensboro Grasshoppers : RHP Earl Shepherd
Batting: LHB Andy Bordeaux 0-0: Called Strike
0-1: Foul Ball, location: 2F
0-2: Ball
1-2: Foul Ball, location: 2F
1-2: Strikes out swinging
Batting: LHB Mike DiNardo 0-0: Swinging Strike
0-1: Foul Ball, location: 2F
0-2: Ball
1-2: Ball
2-2: Foul Ball, location: 2F
2-2: Strikes out looking
Batting: SHB Benoît Morin 0-0: Swinging Strike
0-1: Ball
1-1: Reached on error, E4 (Groundball, 4M, EV 101.3 MPH)
Batting: LHB Bill Tardiff 0-0: Ball
Benoît Morin steals 2nd base
1-0: Ball
2-0: Ball
3-0: Called Strike
3-1: Ground out U3 (Groundball, 34, EV 83.8 MPH)
Top of the 5th over - 0 runs, 0 hits, 1 error, 1 left on base; South Bend 5 - Greensboro 0
BOTTOM OF THE 5TH
Greensboro Grasshoppers batting - Pitching for South Bend Cubs : RHP Eric Allen
Batting: RHB Wei-guo Tsu 0-0: Ball
1-0: Foul Ball, location: 2F
1-1: SINGLE (Groundball, 6D, EV 95.6 MPH)
Batting: LHB Juan Zuniga 0-0: Called Strike
0-1: Foul Ball, location: 2F
0-2: Ball
1-2: Ball
2-2: Ball
3-2: SINGLE (Groundball, 6MS, EV 65.0 MPH) (infield hit)
Wei-guo Tsu to second
Batting: RHB Tom Thompson 0-0: Ball
1-0: Ball
2-0: Called Strike
2-1: Ball
3-1: Base on Balls
Wei-guo Tsu to third
Juan Zuniga to second
Batting: RHB Torquato Obawole 0-0: Ball
1-0: Ball
2-0: Ball
3-0: Called Strike
3-1: Foul Ball, location: 2F
3-2: Foul Ball, location: 2F
3-2: Foul Ball, location: 2F
3-2: Foul Ball, location: 2F
3-2: Fielders Choice at 2nd, 3-6 (Groundball, 34S, EV 86.9 MPH)
Wei-guo Tsu scores
Juan Zuniga to third
Batting: RHB Isaiah Brockman 0-0: Ball
1-0: Called Strike
Torquato Obawole steals 2nd base
1-1: Foul Ball, location: 2F
1-2: Ground out 1-3 (Groundball, 13S, EV 66.9 MPH)
Batting: RHB Jordan Arcidez 0-0: Foul Ball, location: 2F
0-1: Ball
1-1: Ball
2-1: Foul Ball, location: 2F
2-2: Foul Ball, location: 2F
2-2: Ball
3-2: Base on Balls
Batting: RHB Jake Shelton 0-0: Called Strike
0-1: Called Strike
0-2: Strikes out swinging
Bottom of the 5th over - 1 run, 2 hits, 0 errors, 3 left on base; South Bend 5 - Greensboro 1
TOP OF THE 6TH
South Bend Cubs batting - Pitching for Greensboro Grasshoppers : RHP Earl Shepherd
Batting: LHB Jim Polson 0-0: Called Strike
0-1: Ball
1-1: Called Strike
1-2: Ball
2-2: Ground out 6-3 (Groundball, 6, EV 85.0 MPH)
Batting: RHB John Madden 0-0: Foul Ball, location: 2F
0-1: Ball
1-1: Foul Ball, location: 2F
1-2: Strikes out swinging
Batting: RHB Omar Novoa 0-0: Called Strike
0-1: Ball
1-1: Ball
2-1: Ground out 6-3 (Groundball, 6, EV 105.0 MPH)
Top of the 6th over - 0 runs, 0 hits, 0 errors, 0 left on base; South Bend 5 - Greensboro 1
BOTTOM OF THE 6TH
Greensboro Grasshoppers batting - Pitching for South Bend Cubs : RHP Eric Allen
Batting: RHB Bob Raine 0-0: Ball
1-0: Foul Ball, location: 2F
1-1: Foul Ball, location: 2F
1-2: Ball
2-2: Foul Ball, location: 2F
2-2: Ball
3-2: Base on Balls
Batting: RHB Masumitsu Sugiura 0-0: Ball
1-0: Called Strike
1-1: Reached on error, E5 (Groundball, 56, EV 90.0 MPH)
Bob Raine to second
Pitching: LHP Jose Carrillo
Batting: RHB Wei-guo Tsu 0-0: Foul Ball, location: 2F
0-1: Called Strike
0-2: Ball
1-2: Strikes out swinging
Pinch Hitting: RHB Chris Riddick 0-0: Ball
1-0: Foul Ball, location: 2F
1-1: Fly out, F9 (Flyball, 89M, EV 95.0 MPH)
Batting: RHB Tom Thompson 0-0: Ball
1-0: Swinging Strike
1-1: Ball
2-1: Foul Ball, location: 2F
2-2: DOUBLE (Line Drive, 9LM, EV 98.1 MPH)
Bob Raine scores
Masumitsu Sugiura to third
Runner from 3rd tries for Home, SAFE, no throw by RF
Batting: RHB Torquato Obawole 0-0: Ball
1-0: Swinging Strike
1-1: Ball
2-1: Swinging Strike
2-2: Ball
3-2: Strikes out swinging
Bottom of the 6th over - 2 runs, 1 hit, 1 error, 1 left on base; South Bend 5 - Greensboro 3
TOP OF THE 7TH
South Bend Cubs batting - Pitching for Greensboro Grasshoppers : RHP Earl Shepherd
Pitching: RHP Tamirat Abboud
Now at 3B: Natanael Fusquita
Batting: SHB Alvaro Andrade 0-0: Called Strike
0-1: Foul Ball, location: 2F
0-2: Ball
1-2: Fly out, F6 (Popup, 6MD, EV 60.0 MPH)
Batting: RHB Jason Ostrom 0-0: Ground out 4-3 (Groundball, 4, EV 90.0 MPH)
Batting: LHB Andy Bordeaux 0-0: Ball
1-0: Ball
2-0: Swinging Strike
2-1: Foul Ball, location: 2F
2-2: Fly out, F4 (Popup, 4S, EV 63.1 MPH)
Top of the 7th over - 0 runs, 0 hits, 0 errors, 0 left on base; South Bend 5 - Greensboro 3
BOTTOM OF THE 7TH
Greensboro Grasshoppers batting - Pitching for South Bend Cubs : LHP Jose Carrillo
Batting: RHB Isaiah Brockman 0-0: Ball
1-0: Foul Ball, location: 2F
1-1: Ball
2-1: Swinging Strike
2-2: Strikes out swinging
Batting: RHB Jordan Arcidez 0-0: Swinging Strike
0-1: Ball
1-1: Foul Ball, location: 2F
1-2: Foul Ball, location: 2F
1-2: Ball
2-2: Ball
3-2: Base on Balls
Batting: RHB Jake Shelton 0-0: Called Strike
0-1: Foul Ball, location: 2F
0-2: Ball
1-2: Ball
2-2: Ball
3-2: Strikes out swinging
Batting: RHB Bob Raine 0-0: Called Strike
0-1: Swinging Strike
0-2: Ball
1-2: Ball
2-2: Ball
3-2: Foul Ball, location: 2F
3-2: Foul Ball, location: 2F
3-2: Foul Ball, location: 2F
3-2: Foul Ball, location: 2F
3-2: Strikes out swinging
Bottom of the 7th over - 0 runs, 0 hits, 0 errors, 1 left on base; South Bend 5 - Greensboro 3
TOP OF THE 8TH
South Bend Cubs batting - Pitching for Greensboro Grasshoppers : RHP Tamirat Abboud
Batting: LHB Mike DiNardo 0-0: Ball
1-0: Called Strike
1-1: Foul Ball, location: 2F
1-2: Strikes out swinging
Batting: SHB Benoît Morin 0-0: Foul Ball, location: 2F
0-1: Ball
1-1: Swinging Strike
1-2: Foul Ball, location: 2F
1-2: Ground out 6-3 (Groundball, 6M, EV 86.9 MPH)
Batting: LHB Bill Tardiff 0-0: Ground out U3 (Groundball, 34S, EV 77.5 MPH)
Top of the 8th over - 0 runs, 0 hits, 0 errors, 0 left on base; South Bend 5 - Greensboro 3
BOTTOM OF THE 8TH
Greensboro Grasshoppers batting - Pitching for South Bend Cubs : LHP Jose Carrillo
Batting: RHB Masumitsu Sugiura 0-0: Ball
1-0: Foul Ball, location: 2F
1-1: Ball
2-1: Swinging Strike
2-2: Strikes out swinging
Batting: RHB Wei-guo Tsu 0-0: Swinging Strike
0-1: Fly out, F8 (Flyball, 8LM, EV 75.6 MPH)
Batting: RHB Natanael Fusquita 0-0: Ball
1-0: Ground out 5-3 (Groundball, 56, EV 81.3 MPH)
Bottom of the 8th over - 0 runs, 0 hits, 0 errors, 0 left on base; South Bend 5 - Greensboro 3
TOP OF THE 9TH
South Bend Cubs batting - Pitching for Greensboro Grasshoppers : RHP Tamirat Abboud
Pitching: LHP Joe Foster
Batting: LHB Jim Polson 0-0: Ball
1-0: Foul Ball, location: 2F
1-1: Swinging Strike
1-2: Strikes out swinging
Pitching: LHP Matt Payne
Batting: RHB John Madden 0-0: Called Strike
0-1: Swinging Strike
0-2: Ball
1-2: Foul Ball, location: 2F
1-2: Strikes out swinging
Batting: RHB Omar Novoa 0-0: Swinging Strike
0-1: Foul Ball, location: 2F
0-2: Foul Ball, location: 2F
0-2: Ball
1-2: Strikes out swinging
Top of the 9th over - 0 runs, 0 hits, 0 errors, 0 left on base; South Bend 5 - Greensboro 3
BOTTOM OF THE 9TH
Greensboro Grasshoppers batting - Pitching for South Bend Cubs : LHP Jose Carrillo
Batting: RHB Tom Thompson 0-0: Ball
1-0: Ball
2-0: Ball
3-0: Base on Balls
Batting: RHB Torquato Obawole 0-0: Ball
1-0: Called Strike
1-1: DOUBLE (Flyball, 78XD, EV 92.5 MPH)
Tom Thompson to third
Pitching: LHP Shuan-yan Wu
Batting: RHB Isaiah Brockman 0-0: Ball
1-0: Ball
2-0: Called Strike
2-1: Ball
3-1: Base on Balls
Batting: RHB Jordan Arcidez 0-0: Ball
1-0: Ball
Balk!
Tom Thompson scores
Torquato Obawole to third
Isaiah Brockman to second
2-0: Ball
3-0: Called Strike
3-1: Base on Balls
Batting: RHB Jake Shelton 0-0: Swinging Strike
0-1: SINGLE (Groundball, 6D, EV 104.4 MPH)
Torquato Obawole scores
Isaiah Brockman to third
Jordan Arcidez to second
Batting: RHB Bob Raine 0-0: Ball
Wild Pitch!
Isaiah Brockman scores
Bottom of the 9th over - 3 runs, 2 hits, 0 errors, 0 left on base; South Bend 5 - Greensboro 6
Game Over ... Greensboro defeats South Bend, 6 to 5
Thursday, March 31st , 2022 - OOTP Baseball 22.12 Build 89